 Dungeon Crawl Stone Soup version 0.29.0-7-g18a832c13a (webtiles) character file.

Game seed: 1098322332506175229

94 Ijustatesigmund the Trooper (level 4, 0/42 HPs)
             Began as a Hill Orc Fighter on Sept 1, 2022.
             Slain by an adder (3 damage)
             ... on level 2 of the Dungeon.
             The game lasted 00:01:50 (1413 turns).

Ijustatesigmund the Trooper (Hill Orc Fighter)      Turns: 1413, Time: 00:01:51

Health: 0/42       AC:  6    Str: 20    XL:     4   Next: 63%
Magic:  4/4        EV:  9    Int:  8    God:
Gold:   40         SH:  4    Dex: 10    Spells: 3/3 levels left

rFire   . . .      SeeInvis .   a - +0 war axe
rCold   . . .      Faith    .   c - +0 buckler
rNeg    . . .      Spirit   .   b - +0 scale mail
rPois   .          Reflect  .   (no helmet)
rElec   .          Harm     .   (no cloak)
rCorr   .          Rampage  .   (no gloves)
Will    .....                   (no boots)
Stlth   ..........              (no amulet)
HPRegen 0.14/turn               (no ring)
MPRegen 0.09/turn               (no ring)

@: mighty, on berserk cooldown, attractive, slowed, very slow
A: no striking features
a: no special abilities


You were on level 2 of the Dungeon.
You visited 1 branch of the dungeon, and saw 2 of its levels.

You collected 40 gold pieces.

Inventory:

Hand Weapons
 a - a +0 war axe (weapon)
Armour
 b - a +0 scale mail (worn)
 c - a +0 buckler (worn)


   Skills:
 + Level 5.1 Fighting
 + Level 4.8 Axes
 - Level 3.2 Armour
 - Level 3.2 Shields


You had 3 spell levels left.
You didn't know any spells.
Your spell library contained the following spells:

 Spells                   Type           Power      Damage    Failure   Level
 Call Canine Familiar     Summ           0%         N/A       99%         3
 Portal Projectile        Hex/Tloc       0%         N/A       99%         3
 Leda's Liquefaction      Hex/Erth       0%         N/A       100%        4


Dungeon Overview and Level Annotations

Branches:
Dungeon (2/15)

Altars:

Annotations:
D:2 1 runed translucent door, Crazy Yiuf, Sigmund


Message History

You feel yourself moving faster!
You feel mighty! The adder bites you.
You are poisoned.
The adder poisons you! The adder barely misses you. The hobgoblin hits you.
You feel a strong urge to attack something.
You feel sick.
You are too berserk!
You feel your anger nearly subside.
You are no longer berserk.
You are exhausted.
You feel yourself slow down.
You feel sick.
You're too confused to move!
You feel less confused.
You feel sick. The adder misses you.
Sigmund casts a spell.
Sigmund flickers and vanishes!
Deactivating autopickup; reactivate with Ctrl-A.
The adder bites you but does no damage.
The hobgoblin hits you but does no damage.
Something hits you.
You miss the adder. You hit the hobgoblin.
You feel sick. The adder bites you but does no damage.
The hobgoblin hits you but does no damage.
The adder bites you but does no damage. The hobgoblin hits you.
Something hits you. The adder bites you.
You miss the adder. You slash the hobgoblin!
You kill the hobgoblin!
You feel sick.
You are no longer poisoned.
The adder barely misses you. Something hits you!
* * * LOW HITPOINT WARNING * * *
The adder barely misses you.
It was a potion of attraction.
You feel attractive to monsters. The adder closely misses you.
Something hits you but does no damage. The adder bites you.
* * * LOW HITPOINT WARNING * * *
You aren't carrying any scrolls.
You miss the adder. You block the adder's attack. Something hits you.
* * * LOW HITPOINT WARNING * * *
The adder bites you.
You die...

#.........# #......(..
#........#####. #
#.............. ...#
#........# ##########..#
#..).....# #............
#......{.# #.##.......##
#......S†# #.#........+.
#####......@.# #.#........##
.............# #.#........##
.............# #.#........##
........########'#........##
...................#..†.....
...................#.#######
.................)##.# #
........############.##### #
######### #.[............#


You could see an adder.

Vanquished Creatures
  Jessica (D:2)
  An adder (D:2)
  2 dart slugs (D:1)
  8 ball pythons
  6 bats
  6 endoplasms
  A giant cockroach (D:1)
  3 hobgoblins
  10 jackals (D:1)
  5 kobolds (D:1)
  A quokka (D:2)
  2 frilled lizards (D:1)
  A goblin (D:1)
  4 rats
51 creatures vanquished.

Notes
Turn   | Place    | Note
-------+----------+-------------------------------------------
     0 | D:1      | Ijustatesigmund the Hill Orc Fighter began the quest for
                  | the Orb.
     0 | D:1      | Reached XP level 1. HP: 19/19 MP: 1/1
    41 | D:1      | Reached skill level 4 in Fighting
    41 | D:1      | Reached XP level 2. HP: 19/27 MP: 2/2
   353 | D:1      | Reached XP level 3. HP: 33/34 MP: 3/3
  1225 | D:2      | Found a runed translucent door.
  1226 | D:2      | Noticed Crazy Yiuf
  1258 | D:2      | Reached XP level 4. HP: 41/41 MP: 4/4
  1260 | D:2      | Noticed Jessica
  1264 | D:2      | Killed Jessica
  1265 | D:2      | Reached skill level 5 in Fighting
  1398 | D:2      | Noticed Sigmund
  1413 | D:2      | Slain by an adder

Illustrated notes

Levels and vault maps discovered:
D:1:      ebering_hopf_link, layout_basic
D:2:      layout_basic, uniq_jessica, uniq_crazy_yiuf_cottage, uniq_sigmund

Skill      XL: |  1  2  3  4 |
---------------+-------------+-----
Axes           | 3 4 |  4.8
Fighting       | 4 5 |  5.1
Armour         | |  3.2
Shields        | |  3.2

Action                   |  1- 3 |  4- 6 || total
-------------------------+-------+-------++-------
Melee: War axe           |   103 |    14 ||   117
  Use: Potion            |       |     3 ||     3
Armor: Scale mail        |    56 |    13 ||    69
Dodge: Dodged            |    53 |    10 ||    63
Block: Buckler           |    36 |     2 ||    38
